 Dungeon Crawl Stone Soup version 0.19-a0-1850-g63fd1ff (webtiles) character file.

3987 Psiweapon the Carver (level 10, -6/74 HPs)
             Began as a Minotaur Gladiator on Oct 10, 2016.
             Was a Priest of Dithmenos.
             Mangled by a merfolk
             ... wielding a +0 spear
              (22 damage)
             ... on level 9 of the Dungeon.
             The game lasted 00:34:21 (8928 turns).

Psiweapon the Carver (Minotaur Gladiator)           Turns: 8928, Time: 00:34:21

Health: -6/74      AC:  8    Str: 19    XL:     10   Next: 3%
Magic:  13/13      EV: 17    Int:  5    God:    Dithmenos [***...]
Gold:   326        SH:  0    Dex: 15    Spells: 0 memorised, 9 levels left

rFire  + . .     SeeInvis .     a - +0 long sword
rCold  . . .     Gourm    .     S - +2 leather armour {rF+}
rNeg   . . .     Faith    .     (no shield)
rPois  .         Spirit   .     c - +0 hat
rElec  .         Dismiss  .     (no cloak)
rCorr  .         Reflect  .     K - +0 pair of gloves
MR     ++...     Harm     .     P - +0 pair of boots
Stlth  ++........ Clarity  +    (no amulet)
                                G - ring of protection from magic
                                (no ring)

@: wreathed by umbra
A: retaliatory headbutt, horns 2, clarity, magic resistance 1
a: Shadow Step, Renounce Religion


You were on level 9 of the Dungeon.
You worshipped Dithmenos.
Dithmenos was most pleased with you.
You were not hungry.

You visited 3 branches of the dungeon, and saw 12 of its levels.
You also visited: Ossuary.

You collected 438 gold pieces.
You spent 112 gold pieces at shops.

Inventory:

Hand Weapons
 a - a +0 long sword (weapon)
 b - a +0 hunting sling
 R - a +6 dire flail of holy wrath
Missiles
 d - 3 throwing nets
 p - 75 bolts
 E - 77 sling bullets
 F - 9 tomahawks (quivered)
 J - 4 javelins
Armour
 c - a +0 hat (worn)
 K - a +0 pair of gloves (worn)
 P - a +0 pair of boots (worn)
 S - a +2 leather armour of fire resistance (worn)
Jewellery
 q - an uncursed ring of teleportation
 G - a ring of protection from magic (right hand)
Wands
 o - a wand of polymorph (10/24)
 Q - a wand of enslavement (10/24)
Scrolls
 e - 7 scrolls of remove curse
 g - a scroll of holy word {unknown}
 h - 13 scrolls of identify
 j - a scroll of amnesia {unknown}
 m - 4 scrolls of immolation {unknown}
 s - 2 scrolls of noise {unknown}
 w - a scroll of recharging {unknown}
 y - a scroll of enchant armour {unknown}
 A - 2 scrolls of fear {unknown}
 C - a scroll of blinking {unknown}
 I - 3 scrolls of teleportation
 L - a scroll of enchant weapon {unknown}
 T - a scroll of magic mapping {unknown}
Potions
 i - 4 potions of mutation {unknown}
 k - a potion of might {unknown}
 n - a potion of cancellation {unknown}
 t - a potion of magic {unknown}
 u - 3 potions of lignification {unknown}
 v - a potion of degeneration {unknown}
 D - 5 potions of curing
 M - a potion of haste {unknown}
 N - 2 potions of berserk rage {unknown}
 O - a potion of brilliance {unknown}
Books
 r - a book of Necromancy

   Spells                             Type                      Level
   a - Pain                           Necromancy                   1
   b - Animate Skeleton               Necromancy                   1
   c - Vampiric Draining              Necromancy                   3
   d - Regeneration                   Charms/Necromancy            3
   e - Animate Dead                   Necromancy                   4
   f - Control Undead                 Necromancy                   4
Comestibles
 f - 5 bread rations
 l - 2 beef jerkies
 x - a royal jelly
 B - a fruit
 H - 2 chunks of flesh


   Skills:
 - Level 2.4 Fighting
 * Level 11.2 Long Blades
 - Level 2.0 Throwing
 - Level 6.6 Armour
 - Level 8.4 Dodging
 + Level 2.0 Stealth
 - Level 6.1 Invocations


You had 9 spell levels left.
You didn't know any spells.

Dungeon Overview and Level Annotations

Branches:
Dungeon (10/15)            Temple (1/1) D:5            Lair (1/6) D:9
    Orc: D:9-12

Altars:
Cheibriados
Dithmenos
Elyvilon
Fedhas
Hepliaklqana
Makhleb
Nemelex Xobeh
Okawaru
Qazlal
Ru
Sif Muna
Trog
Vehumet
Xom
Zin

Shops:
D:4 !


Innate Abilities, Weirdness & Mutations

You reflexively headbutt those who attack you in melee.
You have a pair of horns on your head.
You possess an exceptional clarity of mind.
You are resistant to hostile enchantments. (MR+)


Message History

You slash the merfolk!
The merfolk is severely wounded.
The merfolk hits you with a spear!
* * * LOW HITPOINT WARNING * * *
You closely miss the merfolk. Your headbutt misses the merfolk.
The merfolk is severely wounded.
The merfolk misses you.
You closely miss the merfolk. Your headbutt misses the merfolk.
The merfolk is severely wounded.
The merfolk hits you with a spear!
* * * LOW HITPOINT WARNING * * *
You feel much better. The merfolk hits you with a spear.
You slash the merfolk! Your headbutt misses the merfolk.
The merfolk is almost dead.
The merfolk hits you with a spear!
* * * LOW HITPOINT WARNING * * *
You closely miss the merfolk.
The merfolk is almost dead.
The merfolk hits you with a spear!!
You die...

#..# #...# #..#
#...# #.# #..#
#...# #..# #...#
#.# #..# #...# #..#
#...# #.# #..#
#...# #..# #...#
#.# #..# #...# #..#
#...# #.# #..#
#...# #..# #...#
#.# #..# #...#
########.<.# #.#
#..# #...#
###≈≈≈≈##(..# #.#
#..# #...#
#.'@m..##...# #.#
#.># #...#
#.#†#%%##...# #.#
#..# #...# #.###
###...####.### #..#
#...# #...#
#........... ...#
#...# ##..#
#........... ...#
#...# #.(#
#........... ...#
#...# #.>#
#...#..####. ...#
#...# #..#
#...#..##... ...#
#...#
#..#####...##.#....


You could see a merfolk.

Vanquished Creatures
  Pikel (D:8)
  A troll (D:9)
  A two-headed ogre (D:9)
  Prince Ribbit (D:7)
  Grinder (D:3)
  A wyvern (D:9)
  Edmund (D:6)
  A sky beast (D:9)
  A slave (D:8)
  A necrophage (D:7)
  An ogre (D:4)
  3 phantoms
  A black bear (D:7)
  2 centaurs
  A crocodile (Lair:1)
  Blork the orc (D:4)
  6 bullfrogs
  3 scorpions
  2 crimson imps
  A centaur zombie (D:5)
  A bullfrog zombie (D:7)
  A jelly (D:5)
  10 orc wizards
  A bullfrog skeleton (D:9)
  A centaur skeleton (D:4)
  5 hounds
  3 worker ants
  4 big kobold zombies (Ossuary)
  A hound zombie (D:5)
  A mummy (Ossuary)
  A gnoll (D:7)
  6 adders
  2 oozes
  2 dart slugs
  5 worms
  5 leopard geckos
  7 orcs
  5 spectral bats (Ossuary)
  4 giant cockroaches
  8 gnoll zombies (Ossuary)
  9 goblins
  9 hobgoblins
  10 jackals
  2 quokkas
  3 ball pythons
  11 bats
  3 bat simulacra (Ossuary)
  3 frilled lizards
  A giant cockroach zombie (D:5)
  3 goblin simulacra (Ossuary)
  11 goblin zombies (Ossuary)
  2 hobgoblin zombies (Ossuary)
  12 kobolds
  4 kobold simulacra (Ossuary)
  A kobold zombie (Ossuary)
  A leopard gecko skeleton (D:5)
  4 orc zombies (Ossuary)
  10 rats
  3 rat simulacra (Ossuary)
  2 spectral goblins (Ossuary)
  4 spectral kobolds (Ossuary)
  A spectral rat (Ossuary)
213 creatures vanquished.

Notes
Turn   | Place    | Note
-------+----------+-------------------------------------------
     0 | D:1      | Psiweapon the Minotaur Gladiator began the quest for the Orb.
     0 | D:1      | Reached XP level 1. HP: 18/18 MP: 0/0
   107 | D:1      | Reached XP level 2. HP: 16/25 MP: 1/1
   108 | D:1      | Reached skill level 4 in Long Blades
   646 | D:3      | Reached XP level 3. HP: 30/30 MP: 2/2
  1526 | D:2      | Found a snail-covered altar of Cheibriados.
  1640 | D:2      | Reached XP level 4. HP: 37/37 MP: 3/3
  1852 | D:3      | Noticed a centaur
  1858 | D:3      | Killed a centaur
  1858 | D:3      | Reached skill level 5 in Long Blades
  1858 | D:3      | Reached XP level 5. HP: 19/42 MP: 4/4
  2100 | D:1      | Reached skill level 5 in Dodging
  2446 | D:4      | Reached skill level 6 in Long Blades
  2577 | D:3      | Found a blossoming altar of Fedhas.
  2621 | D:3      | Noticed Grinder
  2625 | D:3      | Paralysed by Grinder for 4 turns
  2634 | D:3      | Killed Grinder
  2634 | D:3      | Reached skill level 7 in Long Blades
  2634 | D:3      | Reached XP level 6. HP: 20/50 MP: 5/5
  3238 | D:5      | Entered Level 5 of the Dungeon
  3323 | D:5      | Found a staircase to the Ecumenical Temple.
  3330 | Temple   | Entered the Ecumenical Temple
  3337 | Temple   | Became a worshipper of Dithmenos the Shadowed
  3565 | D:4      | Noticed Blork the orc
  3572 | D:4      | Gained mutation: You possess an exceptional clarity of mind. [potion of beneficial mutation]
  3575 | D:4      | Killed Blork the orc
  3575 | D:4      | Reached XP level 7. HP: 31/56 MP: 6/6
  3759 | D:4      | Found Zagh's Distillery.
  3769 | D:4      | Bought a potion of curing for 42 gold pieces
  3769 | D:4      | Bought a potion of heal wounds for 70 gold pieces
  3843 | D:4      | Found a bloodstained altar of Trog.
  3967 | D:4      | Reached skill level 8 in Long Blades
  4126 | D:4      | Found a sparkling altar of Nemelex Xobeh.
  4728 | D:6      | Found a sand-covered staircase.
  4771 | Ossuary  | Entered an ossuary
  4885 | Ossuary  | Reached skill level 1 in Armour
  4887 | Ossuary  | Reached * piety under Dithmenos
  5011 | Ossuary  | Reached ** piety under Dithmenos
  5260 | D:7      | Found a burning altar of Makhleb.
  5336 | D:6      | Noticed Edmund
  5352 | D:6      | Killed Edmund
  5457 | D:7      | Reached XP level 8. HP: 62/62 MP: 7/7
  6071 | D:6      | Reached skill level 1 in Invocations
  6104 | D:6      | Reached skill level 5 in Armour
  6146 | D:6      | Identified Sif Muna's Compendium of the Bewitching Voyage
  6390 | D:6      | Found a white marble altar of Elyvilon.
  6965 | D:6      | Gained mutation: You are resistant to hostile enchantments. (MR+) [potion of beneficial mutation]
  7256 | D:5      | Reached *** piety under Dithmenos
  7529 | D:7      | Reached XP level 9. HP: 54/68 MP: 10/10
  7668 | D:7      | Noticed Prince Ribbit
  7677 | D:7      | Killed Prince Ribbit
  7677 | D:7      | Reached skill level 9 in Long Blades
  7744 | D:7      | Found a stormy altar of Qazlal.
  7923 | D:7      | Found an iron altar of Okawaru.
  7966 | D:8      | Found Boudi's Weapon Emporium.
  7983 | D:8      | Noticed Pikel
  7999 | D:8      | Killed Pikel
  7999 | D:8      | Reached skill level 5 in Invocations
  8002 | D:8      | Reached skill level 10 in Long Blades
  8088 | D:10     | Entered Level 10 of the Dungeon
  8106 | D:9      | Found a staircase to the Lair.
  8115 | Lair:1   | Entered Level 1 of the Lair of Beasts
  8164 | D:10     | Noticed a troll
  8191 | D:9      | Killed a troll
  8191 | D:9      | Reached skill level 1 in Stealth
  8477 | D:9      | Reached skill level 11 in Long Blades
  8642 | D:9      | Found a glowing silver altar of Zin.
  8785 | D:9      | Reached XP level 10. HP: 74/74 MP: 13/13
  8851 | D:9      | You fall through a shaft!
  8928 | D:9      | Mangled by a merfolk

Vault maps used:
D:1:      elethiomel_arrival_shortcut
D:2:      minmay_door_path, lemuel_doored_altar
D:3:      fedhas_altar_3, first_bread, kennysheep_nub, uniq_grinder
D:4:      kennysheep_little_box, kennysheep_mini, serial_shops, shop,
          uniq_blork_the_orc
D:6:      minmay_flawed_box, nicolae_ossuary_entry_ruins, serial_park_tiny_1,
          minivault_27, lemuel_tele_altar, uniq_edmund
D:7:      nicolae_overflow_crystal_walls, marbit_many_paths,
          okawaru_altar_gauntlet_db, uniq_prince_ribbit1
D:8:      basic_altar, serial_shops, shop_statue, uniq_pikel
D:9:      old_standard_altar, lair_0_dummy, hangedman_fish_farm
D:10:     enter_trove_5, st_stairs_2
Temple:   cyrus_circular_temple
Lair:1:   serial_bayou, serial_bayou_lagoon_a, serial_bayou_shore_b,
          serial_bayou_lake_a, serial_bayou_shore_b, disabler_island
Ossuary:  ossuary_zaba_two_paths

Skill      XL: |  1  2  3  4  5  6  7  8  9 10 |
---------------+-------------------------------+-----
Long Blades    | 4 5 7 8 11 | 11.2
Dodging        | 4 5 6 7 8 |  8.4
Armour         | 3 6 |  6.6
Invocations    | 3 6 |  6.1
Stealth        | 1 2 |  2.0
Fighting       | |  2.4
Throwing       | |  2.0

Action                   |  1- 3 |  4- 6 |  7- 9 | 10-12 || total
-------------------------+-------+-------+-------+-------++-------
Melee: Long sword        |    93 |    59 |   340 |    22 ||   514
       Headbutt          |    12 |     8 |    94 |     4 ||   118
 Fire: Hunting sling     |       |    24 |    63 |       ||    87
Throw: Tomahawk          |       |       |    15 |       ||    15
       Throwing net      |       |       |     1 |       ||     1
  Use: Scroll            |       |     1 |     5 |       ||     6
       Potion            |       |     1 |     2 |     1 ||     4
 Stab: Sleeping          |       |       |     2 |       ||     2
  Eat: Chunk             |     2 |     6 |    13 |     1 ||    22
       Fruit             |       |       |     3 |       ||     3
       Pizza             |       |       |     1 |       ||     1
Armor: Leather armour    |     9 |       |    36 |     2 ||    47
       Ring mail         |    27 |    16 |    33 |       ||    76
Dodge: Dodged            |    82 |    40 |   284 |    10 ||   416
       Rpst.: Long sword |    18 |    12 |    76 |     2 ||   108
